AoeStats
← sebas4fr

Nomad

508947758Analyzed
3v3 RM · 7d ago on Sep 24, 2026· 46m 7s· 6 players
Game mode
Random Map
Map size
210×210
Population
200
Speed
Normal
Resources
Standard
Victory
Conquest
Starting age
Dark Age
Ending age
Imperial Age
RankedLock teamsTeams togetherTeam positionsShared explorationLock speedFull tech treeHidden civsTurbo modeCheats
Victory
Defeat
🇨🇿 Vietnamese · Czechia
1046
+17
🇨🇿 Teutons · Czechia
1044
+17
🇨🇿 Bohemians · Czechia
1034
+16
🇨🇦 Varangians · Canada
1073
-17
🇫🇷 Persians · France
1053
-17
🇲🇽 Japanese · Mexico
1049
-16
Kamil
5:29 Loom
14:07 Feudal Age
16:15 Double-Bit Axe
19:46 Castle Age
17:53 Horse Collar
20:15 Fletching
20:28 Padded Archer Armor
19:52 Crossbowman
21:06 Bow Saw
22:00 Scale Mail Armor
23:08 Heavy Plow
23:36 Bodkin Arrow
24:35 Leather Archer Armor
25:21 Ballistics
24:36 Pikeman
27:09 Forging
27:42 Chain Mail Armor
29:18 Wheelbarrow
31:15 Squires
33:52 Iron Casting
36:22 Chemistry
35:33 Murder Holes
35:43 Arson
37:08 Hand Cart
38:03 Wagenburg Tactics
44:37 Imperial Age
45:54 Ring Archer Armor
46:25 Blast Furnace
45:55 Plate Mail Armor
45:26 Bracer
44:49 Arbalester
44:52 Halberdier
46:56 Conscription
45:56 Elite Hussite Wagon
Geglash
8:18 Loom
16:56 Feudal Age
18:30 Fishing Lines
22:03 Castle Age
20:13 Double-Bit Axe
22:21 Bloodlines
22:24 Forging
22:19 Scale Barding Armor
23:19 Husbandry
32:41 Horse Collar
35:46 Bow Saw
38:23 Imperial Age
36:46 Wheelbarrow
36:59 Town Watch
37:36 Heavy Plow
40:04 Fletching
40:17 Padded Archer Armor
41:55 Bodkin Arrow
42:16 Leather Archer Armor
43:07 Bracer
45:56 Thumb Ring
Pjenkava
12:27 Loom
14:22 Feudal Age
16:00 Town Watch
18:52 Castle Age
18:27 Scale Barding Armor
18:33 Forging
18:29 Fishing Lines
19:07 Bloodlines
18:56 Double-Bit Axe
20:59 Gold Mining
22:49 Horse Collar
24:28 Gillnets
26:02 Town Patrol
27:16 Wheelbarrow
29:49 Bow Saw
29:58 Stone Mining
32:59 Hand Cart
35:21 Masonry
36:19 Arson
36:35 Squires
36:21 Gambesons
35:57 Pikeman
42:56 Imperial Age
40:37 Fletching
41:09 Chain Barding Armor
41:27 Iron Casting
41:28 Ballistics
41:18 Fortified Wall
41:50 Bodkin Arrow
41:56 Scale Mail Armor
41:57 Padded Archer Armor
43:32 Ironclad
44:15 Plate Barding Armor
44:41 Blast Furnace
44:47 Blast Furnace
44:24 Plate Barding Armor
43:52 Padded Archer Armor
44:57 Chemistry
44:05 Siege Engineers
44:32 Conscription
43:34 Cavalier
44:33 Capped Ram
45:22 Paladin
Iquinteroe23
3:14 Loom
17:07 Feudal Age
22:15 Castle Age
20:19 Double-Bit Axe
20:16 Horse Collar
20:10 Man-at-Arms
20:37 Arson
24:43 Forging
24:33 Scale Mail Armor
26:57 Bow Saw
27:03 Gambesons
27:46 Fishing Lines
29:16 Long Swordsman
sebas4fr
15:36 Feudal Age
16:07 Town Watch
16:57 Wheelbarrow
16:08 Loom
16:10 Double-Bit Axe
16:07 Fishing Lines
21:19 Castle Age
20:49 Scale Mail Armor
20:59 Forging
23:26 Squires
24:18 Fletching
24:28 Padded Archer Armor
25:05 Iron Casting
24:45 Chain Mail Armor
25:45 Gold Mining
27:14 Arson
27:15 Gambesons
27:54 Hand Cart
28:11 Gillnets
28:55 Bodkin Arrow
29:15 Leather Archer Armor
32:43 Bow Saw
35:09 Pikeman
38:35 Imperial Age
36:49 Chain Mail Armor
38:36 Stone Mining
38:48 Elite Varangian Guard
40:32 Blast Furnace
40:02 Plate Mail Armor
40:56 Conscription
42:14 Plate Mail Armor
42:59 Halberdier
44:35 Ballistics
43:43 Cranequins
46:40 Chemistry
45:21 Treadmill Crane
45:51 Masonry
Beuhfa
5:35 Loom
13:23 Feudal Age
13:57 Fishing Lines
14:46 Double-Bit Axe
21:38 Castle Age
20:48 Scale Barding Armor
20:53 Forging
23:13 Husbandry
23:25 Bloodlines
26:30 Bow Saw
26:19 Gillnets
30:02 Horse Collar
31:07 Chain Barding Armor
32:45 Fletching
36:38 Iron Casting
Connection lost

Rejoining the realm…

Still unreachable

The connection could not be restored.

Session expired

The server has moved on; the page needs a fresh start.